 Dungeon Crawl Stone Soup version 0.29-a0-559-g359e09b9d1 (webtiles) character file.

Game seed: 7368754819392439439

3005 Heedrag the Magician (level 9, 0/65 HPs)
             Began as a Demonspawn Conjurer on June 9, 2022.
             Was an Initiate of Vehumet.
             Engulfed by a cloud of steam (8 damage)
             ... on level 7 of the Dungeon.
             The game lasted 00:16:59 (9810 turns).

Heedrag the Magician (Demonspawn Conjurer)          Turns: 9810, Time: 00:17:00

Health: 0/65       AC:  4    Str:  9    XL:     9   Next: 54%
Magic:  4/20       EV: 31    Int: 27    God:    Vehumet [......]
Gold:   173        SH:  0    Dex: 11    Spells: 7/23 levels left

rFire   . . .      SeeInvis .   e - staff of conjuration
rCold   . . .      Faith    .   (no shield)
rNeg    + . .      Spirit   .   a - +0 robe
rPois   .          Reflect  .   (helmet restricted)
rElec   .          Harm     .   l - +1 cloak of the Forgotten Suns {Int+4}
rCorr   .          Rampage  .   (no gloves)
Will    +....                   (no boots)
Stlth   +++.......              v - amulet of the acrobat
HPRegen 0.20/turn               i - ring of positive energy
MPRegen 0.17/turn               K - ring of willpower

@: acrobatic
A: horns 2, repulsion field 2, icemail 2, condensation shield
a: Renounce Religion


You were on level 7 of the Dungeon.
You worshipped Vehumet.
Vehumet was noncommittal.
You visited 2 branches of the dungeon, and saw 8 of its levels.
You also visited: Sewer.

You collected 284 gold pieces.
You spent 111 gold pieces at shops.

Inventory:

Hand Weapons
 u - a +0 short sword
   (You took it off a kobold on level 3 of the Dungeon)
 I - a +2 whip of electrocution
   (You took it off a kobold brigand in a sewer)
Missiles
 s - 6 curare-tipped darts {!f}
 J - 37 poisoned darts
Armour
 a - a +0 robe (worn)
 l - the +1 cloak of the Forgotten Suns (worn) {Int+4}
   (You found it on level 2 of the Dungeon)

   Int:       It affects your intelligence (+4).
 D - the +1 robe "Uxkusos" {rC- Int+5 Slay+3}
   (You bought it in a shop on level 7 of the Dungeon)

   Int:       It affects your intelligence (+5).
   Slay:      It affects your accuracy & damage with ranged weapons and melee
   (+3).
   rC:        It makes you vulnerable to cold.
Magical Staves
 e - a staff of conjuration (weapon)
   (You took it off a gnoll on level 5 of the Dungeon)
Jewellery
 i - a ring of positive energy (left hand)
   (You found it on level 1 of the Dungeon)
 v - an amulet of the acrobat (around neck)
   (You found it on level 3 of the Dungeon)
 K - a ring of willpower (right hand)
   (You found it on level 5 of the Dungeon)
Wands
 x - a wand of acid (16)
   (You found it on level 6 of the Dungeon)
Scrolls
 c - 2 scrolls of blinking {unknown}
 f - 2 scrolls of noise {unknown}
 h - a scroll of torment {unknown}
 j - 2 scrolls of immolation {unknown}
 k - 8 scrolls of identify {@r1}
 m - 2 scrolls of silence {unknown}
 n - a scroll of vulnerability {unknown}
 p - a scroll of amnesia {unknown}
 q - 4 scrolls of fear {unknown}
 t - 2 scrolls of fog {unknown}
 w - 2 scrolls of acquirement {unknown}
 y - a scroll of enchant armour {unknown}
 B - a scroll of teleportation {unknown}
 F - a scroll of poison {unknown}
 G - a scroll of enchant weapon {unknown}
 H - a scroll of summoning {unknown}
 L - a scroll of magic mapping {unknown}
Potions
 b - 2 potions of magic
 d - 2 potions of might {unknown}
 g - a potion of invisibility {unknown}
 o - a potion of mutation {unknown}
 r - 2 potions of flight {unknown}
 z - 3 potions of curing {unknown}
 A - a potion of lignification {unknown}
 C - a potion of berserk rage {unknown}
 E - a potion of heal wounds {unknown}
 M - a potion of haste {unknown}


   Skills:
 + Level 3.6 Fighting
 - Level 2.0 Throwing
 - Level 4.0 Dodging
 + Level 5.7 Stealth
 * Level 7.5 Spellcasting
 + Level 6.9 Conjurations
 + Level 1.8 Hexes
 + Level 1.6 Translocations
 + Level 0.0 Transmutations
 + Level 0.0 Air Magic
 + Level 0.0 Earth Magic
 + Level 1.9 Evocations


You had 7 spell levels left.
You knew the following spells:

 Your Spells              Type           Power      Damage    Failure   Level
a - Magic Dart            Conj           100%       1d8       1%          1
b - Swiftness             Air            10%        N/A       17%         3
q - Passwall              Tmut/Erth      8%         N/A       9%          2
s - Searing Ray           Conj           100%       2d8       1%          2
x - Iskenderun's Mystic   Conj/Tloc      50%        2d11      10%         4
z - Fulminant Prism       Conj/Hex       25%        3d14      9%          4

Your spell library contained the following spells:

 Spells                   Type           Power      Damage    Failure   Level
 Dazzling Flash           Conj/Hex       100%       N/A       2%          3
 Stone Arrow              Conj/Erth      86%        3d12      4%          3
 Sandblast                Erth           20%        2d7       5%          1
 Ensorcelled Hibernation  Hex/Ice        30%        N/A       6%          2
 Animate Dead             Necr           10%        N/A       50%         4
 Borgnjor's Vile Clutch   Necr/Erth      5%         N/A       83%         5
 Death Channel            Necr           5%         N/A       100%        6


Dungeon Overview and Level Annotations

Branches:
Dungeon (7/15)             Temple (1/1) D:6           Sewer (visited)

Altars:
Cheibriados
Dithmenos
Elyvilon
Gozag
Hepliaklqana
Kikubaaqudgha
Makhleb
Qazlal
Ru
Trog
Vehumet
Wu Jian
Xom
Yredelemnul
Zin
The Shining One

Shops:
D:4 *   D:7 =(*[


Innate Abilities, Weirdness & Mutations

You have a pair of horns on your head.
You are surrounded by a moderate repulsion field. (EV +3)
A meltable icy envelope protects you from harm. (AC +0)
A meltable shield of frost defends you. (SH +0)


Message History

Vehumet accepts your kill.
You can't see any susceptible monsters within range! (Use Z to cast anyway.)
You can't see any susceptible monsters within range! (Use Z to cast anyway.)
K - a ring of willpower (right hand)
Found a Trismegistus Codex.
Found Viwk's Jewellery Emporium.
A steam dragon comes into view.
The steam dragon hisses angrily.
A steam dragon is nearby!
A steam dragon is nearby!
You feel a surge of power!
The magic dart hits the steam dragon!
The steam dragon breathes steam at you. The ball of steam hits you!
Your icy defenses dissipate!
You can't see any susceptible monsters within range! (Use Z to cast anyway.)
You can't see any susceptible monsters within range! (Use Z to cast anyway.) Unknown command.
You are engulfed in a cloud of scalding steam.
You are engulfed in a cloud of scalding steam.
Aim: a steam dragon (moderately wounded, wandering, hasn't noticed you, 83% to hit)
You feel a surge of power!
The searing ray misses the steam dragon. (Press . to maintain the ray.)
The searing ray hits the steam dragon.
You are engulfed in a cloud of scalding steam.
The steam dragon breathes steam at you. The ball of steam misses you.
The searing ray hits the steam dragon but does no damage.
The searing ray hits the steam dragon!
You finish channelling your searing ray.
You are engulfed in a cloud of scalding steam.
* * * LOW HITPOINT WARNING * * *
The steam dragon closely misses you. The steam dragon barely misses you.
You feel a surge of power!
You erupt in a blast of force!
The mystic blast hits the steam dragon.
The steam dragon is knocked back by the mystic blast.
Aim: a steam dragon (severely wounded, catching its breath, 83% to hit)
You feel a surge of power!
The searing ray misses the steam dragon. (Press . to maintain the ray.)
The searing ray hits the steam dragon.
The steam dragon breathes steam at you. The ball of steam hits you!!
* * * LOW HITPOINT WARNING * * *
You feel a surge of power!
You erupt in a blast of force!
The mystic blast hits the steam dragon.
You kill the steam dragon!
Vehumet accepts your kill.
You are engulfed in a cloud of scalding steam.
You die...

. #+# #.##########.# ..
∩...........#### ..#
#.............. ...
#.#...........# #.#
#.:....§§§§.#.### #.#
#...=.§@§§....# #.#
.......§§§§..§..########.#
......######....#.........
...... #.......#####.#
..... #......).....)#
..... #........####.# ###.
.........#....[<# ..
....###..#....#)# .....
#..#.##.#.#


There were no monsters in sight!

Vanquished Creatures
  A steam dragon (D:7)
  2 water moccasins (D:6)
  3 black bears
  An orc warrior (D:6)
  5 ogres (D:5)
  2 centaurs
  2 phantoms (D:6)
  6 kobold brigands (Sewer)
  A necrophage (D:5)
  3 scorpions
  5 wights
  2 howler monkeys
  2 jellies (D:6)
  3 hounds
  An orc priest (D:7)
  Crazy Yiuf (D:3)
  A gnoll shaman (D:5)
  2 iguanas
  An orc wizard (D:7)
  10 gnolls
  14 adders
  3 river rats
  6 worms
  3 dart slugs
  9 orcs
  8 ball pythons
  2 bat zombies (D:5)
  10 endoplasms
  3 giant cockroaches
  7 goblins
  11 hobgoblins
  3 jackals (D:1)
  5 quokkas
  6 bats
  2 frilled lizards
  13 kobolds
  8 rats
  A rat zombie (D:5)
168 creatures vanquished.

Notes
Turn   | Place    | Note
-------+----------+-------------------------------------------
     0 | D:1      | Heedrag the Demonspawn Conjurer began the quest for the
                  | Orb.
     0 | D:1      | Reached XP level 1. HP: 13/13 MP: 3/3
   504 | D:1      | Gained mutation: You are surrounded by a mild repulsion
                  | field. (EV +2) [demonic ancestry]
   504 | D:1      | Reached XP level 2. HP: 19/19 MP: 1/5
   825 | D:1      | Learned a level 2 spell: Searing Ray
  1329 | D:1      | Gained mutation: A meltable shield of frost defends you.
                  | (SH +0) [demonic ancestry]
  1329 | D:1      | Reached XP level 3. HP: 24/24 MP: 1/6
  1773 | D:2      | Identified the +1 cloak of the Forgotten Suns {Int+4}
  2113 | D:2      | Found a faded altar of an unknown god.
  2543 | D:3      | Gained mutation: You are surrounded by a moderate repulsion
                  | field. (EV +3) [demonic ancestry]
  2543 | D:3      | Reached XP level 4. HP: 30/30 MP: 3/8
  2550 | D:3      | Reached skill level 3 in Spellcasting
  2831 | D:3      | Learned a level 4 spell: Fulminant Prism
  2845 | D:3      | Noticed a black bear
  2852 | D:3      | Killed a black bear
  2853 | D:3      | Reached XP level 5. HP: 30/35 MP: 0/10
  3177 | D:3      | Found a stormy altar of Qazlal.
  3411 | D:3      | Found a runed translucent door.
  3412 | D:3      | Noticed Crazy Yiuf
  3594 | D:3      | Killed Crazy Yiuf
  3749 | D:4      | Gained mutation: A meltable icy envelope protects you from
                  | harm. (AC +0) [demonic ancestry]
  3749 | D:4      | Reached XP level 6. HP: 36/41 MP: 0/11
  3949 | D:4      | You fall into a shaft and drop 2 floors!
  4118 | D:6      | Noticed an orc warrior
  4213 | D:7      | Found Xuer's Antique Armour Shop.
  4222 | D:7      | Bought a silken robe for 91 gold pieces
  4222 | D:7      | Identified the +1 robe "Uxkusos" {rC- Int+5 Slay+3} (You
                  | bought it in a shop on level 7 of the Dungeon)
  4239 | D:7      | Reached skill level 4 in Spellcasting
  4292 | D:7      | Found Lugann's Assorted Antiques.
  4348 | D:7      | Reached skill level 1 in Throwing
  4434 | D:7      | Reached skill level 5 in Conjurations
  4507 | D:7      | Found Neckulibb's Weapon Shop.
  4524 | D:7      | Gained mutation: You have a pair of small horns on your
                  | head. [demonic ancestry]
  4524 | D:7      | Reached XP level 7. HP: 32/46 MP: 3/13
  4859 | D:6      | Reached skill level 5 in Spellcasting
  5148 | D:6      | Gained mutation: A meltable icy envelope protects you from
                  | harm. (AC +0) [demonic ancestry]
  5148 | D:6      | Reached XP level 8. HP: 53/53 MP: 9/16
  5162 | D:5      | Entered Level 5 of the Dungeon
  5183 | D:5      | Reached skill level 1 in Fighting
  5404 | D:5      | Found an ancient bone altar of Kikubaaqudgha.
  5457 | D:5      | Reached skill level 6 in Spellcasting
  5493 | D:5      | Found a glowing drain.
  5502 | Sewer    | Entered a sewer
  6155 | Sewer    | Reached skill level 5 in Stealth
  6997 | D:5      | Gained mutation: You have a pair of horns on your head.
                  | [demonic ancestry]
  6997 | D:5      | Reached XP level 9. HP: 63/63 MP: 12/19
  7002 | D:5      | Learned a level 4 spell: Iskenderun's Mystic Blast
  7102 | D:5      | Reached skill level 7 in Spellcasting
  7103 | D:5      | Reached skill level 1 in Evocations
  7107 | D:5      | Reached skill level 1 in Hexes
  7242 | D:5      | Reached skill level 1 in Translocations
  7893 | D:4      | Found Tebolot's General Store.
  7916 | D:4      | Bought a scroll of identify for 20 gold pieces
  8515 | D:6      | Found a staircase to the Ecumenical Temple.
  8543 | Temple   | Entered the Ecumenical Temple
  9027 | Temple   | Became a worshipper of Vehumet
  9647 | D:6      | Learned a level 2 spell: Passwall
  9651 | D:6      | Learned a level 3 spell: Swiftness
  9755 | D:7      | Found a basalt altar of Yredelemnul.
  9798 | D:7      | Found Viwk's Jewellery Emporium.
  9810 | D:7      | Engulfed by a cloud of steam

Illustrated notes

Levels and vault maps discovered:
D:1:      lemuel_arrival_river_ford, layout_loops_cross, serial_rivers,
          chequers_serial_rivers_marsh, chequers_serial_rivers_large_a,
          chequers_serial_rivers_micro_e, chequers_serial_rivers_marsh,
          chequers_serial_rivers_micro_a
D:2:      layout_loops_ring, ebering_ecumenical_altar_sacrificial
D:3:      layout_loops_ring, lemuel_crystal_altar, uniq_crazy_yiuf_cottage
D:4:      cheibrodos_quashed, layout_basic, serial_shops, shop
D:5:      layout_loops_ring, lemuel_zombie_altar_kikubaaqudgha,
          portal_sewer_entry_e, kennysheep_donut
D:6:      layout_layer_cave, minmay_temple_entry_grid
D:7:      layout_basic, grunt_temple_overflow_open, serial_shops,
          nicolae_shop_crystal, nicolae_lakefront_shop,
          nicolae_shop_overgrown_old_shop, shop
Temple:   nicolae_temple_figure_eight

Skill      XL: |  1  2  3  4  5  6  7  8  9 |
---------------+----------------------------+-----
Stealth        | 2 3 4 5 |  5.7
Dodging        | 2 3 4 |  4.0
Spellcasting   | 3 4 5 6 7 |  7.5
Throwing       | 1 2 |  2.0
Conjurations   | 5 6 |  6.9
Fighting       | 3 |  3.6
Evocations     | 1 |  1.9
Hexes          | 1 |  1.8
Translocations | 1 |  1.6

Action                   |  1- 3 |  4- 6 |  7- 9 || total
-------------------------+-------+-------+-------++-------
Melee: Unarmed           |    12 |     2 |       ||    14
       Short sword       |       |     3 |    24 ||    27
       Headbutt          |       |       |     8 ||     8
       Whip              |       |       |     1 ||     1
       Punch             |       |       |     1 ||     1
 Cast: Magic Dart        |    75 |    52 |   185 ||   312
       Searing Ray       |       |    11 |    38 ||    49
       Iskenderun's Myst |       |       |     2 ||     2
 Stab: Sleeping          |       |       |     1 ||     1
Armor: Robe              |     3 |     3 |    35 ||    41
Dodge: Dodged            |    16 |    24 |    97 ||   137
Block: Other             |       |     8 |    15 ||    23

Table legend: (Time is in decaauts)
 A = Elapsed time spent in this place.
 B = Non-inter-level travel time spent in this place.
 C = Inter-level travel time spent in this place.
 D = Time resting spent in this place.
 E = Time spent auto-exploring this place.
 F = Levels seen in this place.
 G = Mean time per level.
                   A        B        C        D        E       F      G
               +--------+--------+--------+--------+--------+-----+--------+
         Total |   9996 |   9202 |    794 |    715 |   7289 |   9 | 1110.7 |
       Dungeon |   8397 |   7673 |    724 |    715 |   5958 |   7 | 1199.6 |
        Temple |    279 |    209 |     70 |      0 |    206 |   1 |  279.0 |
         Sewer |   1320 |   1320 |      0 |      0 |   1125 |   1 | 1320.0 |
               +--------+--------+--------+--------+--------+-----+--------+

Top non-repeatable levels by time:
     D:6: 1692 daAuts
     D:1: 1684 daAuts
     D:5: 1382 daAuts
   Sewer: 1320 daAuts
     D:3: 1104 daAuts
     D:2: 969 daAuts
     D:4: 960 daAuts
     D:7: 604 daAuts
  Temple: 279 daAuts
